AoeStats
← JamesNewstedd

Arena

505325162Analyzed
1v1 RM · 23d ago on Sep 8, 2026· 32m 9s· 2 players
Game mode
Random Map
Map size
Tiny (2 player)
Population
200
Speed
Normal
Resources
Standard
Victory
Conquest
Starting age
Dark Age
Ending age
Imperial Age
RankedLock teamsTeams togetherTeam positionsShared explorationLock speedFull tech treeHidden civsTurbo modeCheats
Victory
Defeat
🇩🇪 Teutons · Germany
1807
-8
JamesNewstedd
10:51 Feudal Age
14:29 Castle Age
12:51 Double-Bit Axe
13:15 Horse Collar
15:29 Bow Saw
20:31 Wheelbarrow
21:22 Heavy Plow
21:57 Gold Mining
24:02 Squires
24:06 Loom
29:24 Imperial Age
26:43 Town Watch
27:15 Hand Cart
26:40 Pikeman
27:22 Scale Mail Armor
27:57 Masonry
29:01 Chain Mail Armor
28:57 Forging
29:31 Capped Ram
31:25 Chemistry
30:05 Halberdier
软脚虾5号(p6有机会获得妙卡奶牛)
11:15 Feudal Age
11:53 Double-Bit Axe
12:34 Horse Collar
14:55 Castle Age
15:56 Bow Saw
17:15 Heavy Plow
22:20 Wheelbarrow
23:52 Gold Mining
24:16 Stone Mining
28:32 Imperial Age
25:48 Loom
27:25 Gold Shaft Mining
27:08 Forging
27:10 Bloodlines
28:04 Hand Cart
27:35 Town Watch
27:55 Husbandry
28:21 Scale Barding Armor
29:53 Conscription
30:03 Chain Barding Armor
30:19 Iron Casting
29:49 Elite Steppe Lancer
33:34 Blast Furnace
Connection lost

Rejoining the realm…

Still unreachable

The connection could not be restored.

Session expired

The server has moved on; the page needs a fresh start.